 Dungeon Crawl Stone Soup version 0.27-a0-245-g075faa5519 (webtiles) character file.

Game seed: 13996096436703050895

12551 KristoblXynda the Grappler (level 11, -3/88 HPs)
             Began as a Troll Hedge Wizard on Feb 3, 2021.
             Was a Believer of Ashenzari.
             Slain by a manticore (9 damage)
             ... on level 12 of the Dungeon.
             The game lasted 00:21:27 (10242 turns).

KristoblXynda the Grappler (Troll Hedge Wizard)    Turns: 10242, Time: 00:21:28

Health: -3/88      AC:  9    Str: 20    XL:     11   Next: 63%
Magic:  13/13      EV: 15    Int: 13    God:    Ashenzari [**....]
Gold:   674        SH:  0    Dex: 15    Spells: 10/14 levels left

rFire    . . .     SeeInvis .     - Unarmed
rCold    . . .     Faith    .   (no shield)
rNeg     . . .     Spirit   .   D - +1 robe {Will+}
rPois    +         Reflect  .   c - +1 hat
rElec    +         Harm     .   u - +0 cloak "Riop" {rElec rCorr} (curse)
rCorr    +         Rampage  .   (gloves unavailable)
Will     +....                  (boots unavailable)
Stlth    ++........             G - amulet of regeneration (curse)
HPRegen  1.04/turn              r - +6 ring of dexterity
MPRegen  0.13/turn              b - ring of poison resistance

@: barbed spikes
A: large, unfitting armour, claws 3, regeneration 1, shaggy fur 1, tough skin 3
a: Renounce Religion, Curse Item, Scrying


You were on level 12 of the Dungeon.
You worshipped Ashenzari.
Ashenzari was pleased with you.
You visited 2 branches of the dungeon, and saw 13 of its levels.

You collected 674 gold pieces.

Inventory:

Hand Weapons
 w - a +3 whip of electrocution
Armour
 c - a +1 hat (worn)
 k - a +2 cloak
 s - a +2 robe of positive energy
 u - the cursed +0 cloak "Riop" (worn) {rElec rCorr}
   (You found it on level 11 of the Dungeon)

   It insulates you from electricity.
   It provides partial protection from all sources of acid and corrosion.
   It has a curse placed upon it.
 D - a +1 robe of willpower (worn)
 H - a scarf of resistance
 J - a scarf of invisibility
Jewellery
 b - a ring of poison resistance (right claw)
 e - an uncursed ring of resist corrosion
 i - a +4 ring of protection
 r - a +6 ring of dexterity (left claw)
 t - an uncursed ring of protection from cold
 y - a +6 ring of intelligence
 A - an uncursed ring of stealth
 G - a cursed amulet of regeneration (around neck)
Wands
 C - a wand of acid (2)
 L - a wand of digging (5)
Scrolls
 a - 3 scrolls of amnesia
 f - 7 scrolls of enchant armour
 g - 9 scrolls of teleportation
 m - 4 scrolls of remove curse
 n - 4 scrolls of magic mapping
 K - 2 scrolls of blinking
Potions
 d - 6 potions of curing
 j - 2 potions of flight
 l - a potion of ambrosia
 o - 9 potions of haste
 p - a potion of brilliance {unknown}
 q - a potion of invisibility
 v - a potion of berserk rage {unknown}
 x - a potion of attraction {unknown}
 z - 2 potions of might
 B - a potion of magic
 E - 3 potions of lignification
 I - a potion of resistance


   Skills:
 + Level 9.0 Dodging
 - Level 1.0 Stealth
 + Level 10.4 Unarmed Combat
 - Level 2.0 Spellcasting
 + Level 8.1 Conjurations
 - Level 0.6 Summonings
 - Level 0.6 Translocations
 + Level 3.5 Evocations


You had 10 spell levels left.
You knew the following spells:

 Your Spells              Type           Power        Failure   Level
a - Magic Dart            Conj           88%          1%          1
b - Mephitic Cloud        Conj/Pois/Air  8%           26%         3

Your spell library contained the following spells:

 Spells                   Type           Power        Failure   Level
 Conjure Flame            Conj/Fire      11%          14%         3
 Stone Arrow              Conj/Erth      22%          14%         3
 Summon Small Mammal      Summ           8%           21%         1
 Sandblast                Erth           2%           26%         1
 Blink                    Tloc           N/A          30%         2
 Call Imp                 Summ           2%           30%         2
 Passwall                 Tmut/Erth      0%           36%         2
 Slow                     Hex            1%           36%         2
 Call Canine Familiar     Summ           2%           52%         3
 Summon Guardian Golem    Hex/Summ       2%           56%         3
 Summon Ice Beast         Ice/Summ       2%           92%         4
 Summon Lightning Spire   Summ/Air       2%           92%         4
 Ice Form                 Ice/Tmut       1%           94%         4
 Petrify                  Tmut/Erth      1%           94%         4
 Lee's Rapid Deconstruct  Erth           0%           100%        5
 Metabolic Englaciation   Hex/Ice        0%           100%        5
 Freezing Cloud           Conj/Ice/Air   4%           100%        6
 Simulacrum               Ice/Necr       0%           100%        6
 Ozocubu's Refrigeration  Ice            0%           100%        7


Dungeon Overview and Level Annotations

Branches:
Dungeon (12/15)            Temple (1/1) D:5            Lair (0/6) D:10
    Orc (0/2) D:10

Altars:
Ashenzari
Cheibriados
Dithmenos
Elyvilon
Fedhas
Gozag
Hepliaklqana
Kikubaaqudgha
Makhleb
Nemelex Xobeh
Okawaru
Qazlal
Ru
Sif Muna
Trog
Uskayaw
Vehumet
Wu Jian
Xom
Yredelemnul
Zin
The Shining One

Shops:
D:6 (   D:8 (


Innate Abilities, Weirdness & Mutations

You are too large for most types of armour.
You have claws for hands.
Your natural rate of healing is unusually fast.
You are covered in fur. (AC +1)
You have extremely tough skin. (AC +3)


Message History

Okay, then.
You scratch the manticore.
The manticore is lightly wounded.
The manticore bites you!
* * * LOW HITPOINT WARNING * * *
The manticore claws you but does no damage.
The manticore misses you.
You claw the manticore!
The manticore is moderately wounded.
The manticore bites you.
* * * LOW HITPOINT WARNING * * *
The manticore claws you!
* * * LOW HITPOINT WARNING * * *
The manticore barely misses you.
You barely miss the manticore. You claw the manticore!
The manticore is heavily wounded.
The manticore misses you. The manticore claws you!
* * * LOW HITPOINT WARNING * * *
The manticore claws you!
You die...

,,,,,,,,,,***+**,*******,,,,,*
*,*,,,,,,,,,,,,+.# *,,,,,*
*,*,,,,,,,,,,,,#.# *,,,,,*
*,+,,,,,,,,,,,,#.# *,,,,,*
,,*,,,,,,,######.# *,,,,,*
,,*,,,,,,,#......# *,,,,,*
,,*,,,,,,,#......# *,,,,,*
,,***,,,,,#....).# *,.,,,*
,,,,*,,,,,#...?.@# *.#****
,,,,*,,,,,#....WH#######.#
,,,,*,,,,,#..............#
,,,,*,,,,,###............#
,,,,+,,,,,,,#............##***
*****,,,,,**#..............,,*
*,,,,,,,,,#....####'##....,,,*
*,,,,,,,,,#....#.....#,...,,,*
**,,,,,,,,#....#.....#,,,,,,,*


You could see a manticore and a phantom.

Vanquished Creatures
  Harold (D:8)
  A two-headed ogre (D:11)
  Urug (D:12)
  An unseen horror (D:10)
  Pikel (D:6)
  An ugly thing (D:11)
  A black mamba (shapeshifter) (D:10)
  A gargoyle (D:10)
  Psyche (D:9)
  A komodo dragon (D:11)
  2 trolls
  Prince Ribbit (D:8)
  Sigmund (D:3)
  A wraith (D:10)
  3 yaks (D:11)
  Eustachio (D:4)
  Edmund (D:6)
  Duvessa (D:4)
  4 orc warriors
  7 water moccasins (D:10)
  A hornet zombie (D:9)
  4 ice beasts
  3 black bears
  4 sky beasts
  3 ogres
  A necrophage (D:11)
  An eye of draining (D:9)
  3 centaurs
  3 lemures (D:6)
  Blork the orc (D:6)
  A gnoll sergeant (D:7)
  6 bullfrogs
  2 water moccasin zombies
  Dowan (D:4)
  3 scorpions
  7 killer bees
  4 howler monkeys
  14 wights
  3 jellies
  2 centaur skeletons
  A centaur zombie (D:7)
  3 hounds
  6 orc priests
  3 iguanas
  2 bullfrog skeletons
  17 orc wizards
  8 worker ants
  A hound zombie (D:5)
  A hound skeleton (D:7)
  Robin (D:3)
  A howler monkey zombie (D:5)
  15 adders
  22 gnolls
  3 shadow imps
  3 white imps
  An ooze (D:4)
  3 ufetubi
  An adder skeleton (D:6)
  A worm (D:3)
  3 dart slugs
  4 leopard geckos
  50 orcs
  3 giant cockroaches
  14 goblins
  8 hobgoblins
  12 jackals
  5 quokkas
  A ball python (D:1)
  6 bats
  4 frilled lizards
  A jackal skeleton (D:4)
  4 kobolds
  A quokka skeleton (D:4)
  4 rats
312 creatures vanquished.

Vanquished Creatures (others)
  42 fungi (D:10)
  46 plants (D:10)
88 creatures vanquished.

Grand Total: 400 creatures vanquished

Notes
Turn   | Place    | Note
-------+----------+-------------------------------------------
     0 | D:1      | KristoblXynda the Troll Hedge Wizard began the quest for
                  | the Orb.
     0 | D:1      | Reached XP level 1. HP: 16/16 MP: 2/2
   332 | D:1      | Reached skill level 1 in Conjurations
   405 | D:1      | Reached XP level 2. HP: 24/24 MP: 4/4
   491 | D:1      | Reached skill level 1 in Unarmed Combat
  1011 | D:2      | Reached XP level 3. HP: 21/31 MP: 5/5
  1511 | D:2      | Reached XP level 4. HP: 39/39 MP: 6/6
  1539 | D:2      | Reached skill level 2 in Unarmed Combat
  1613 | D:2      | Found a shimmering blue altar of Sif Muna.
  1618 | D:2      | Found a basalt altar of Yredelemnul.
  1618 | D:2      | Found a burning altar of Makhleb.
  1628 | D:2      | Found a sparkling altar of Nemelex Xobeh.
  1634 | D:2      | Found an ornate altar of the Wu Jian Council.
  2043 | D:3      | Noticed Robin
  2101 | D:3      | Killed Robin
  2122 | D:3      | Found a blossoming altar of Fedhas.
  2406 | D:3      | Reached XP level 5. HP: 39/45 MP: 7/7
  2457 | D:3      | Found a stormy altar of Qazlal.
  2542 | D:3      | Noticed Sigmund
  2561 | D:3      | Killed Sigmund
  2562 | D:3      | Reached skill level 3 in Unarmed Combat
  2562 | D:3      | Reached XP level 6. HP: 48/53 MP: 2/8
  2974 | D:4      | Learned a level 3 spell: Mephitic Cloud
  3021 | D:4      | Reached skill level 4 in Unarmed Combat
  3044 | D:4      | Reached XP level 7. HP: 58/59 MP: 9/9
  3223 | D:4      | Noticed Eustachio
  3244 | D:4      | Killed Eustachio
  3540 | D:4      | Noticed Dowan
  3540 | D:4      | Noticed Duvessa
  3559 | D:4      | Killed Duvessa
  3560 | D:4      | Reached skill level 5 in Unarmed Combat
  3566 | D:4      | Killed Dowan
  3568 | D:4      | Reached XP level 8. HP: 47/67 MP: 8/10
  3795 | D:5      | Entered Level 5 of the Dungeon
  3795 | D:5      | Found a shadowy altar of Dithmenos.
  4020 | D:5      | Reached skill level 5 in Dodging
  4281 | D:5      | Found a staircase to the Ecumenical Temple.
  4344 | Temple   | Entered the Ecumenical Temple
  4398 | Temple   | Became a worshipper of Ashenzari the Shackled
  4593 | D:6      | Reached skill level 6 in Unarmed Combat
  4607 | D:6      | Found Piecynle's Weapon Emporium.
  4777 | D:6      | Reached skill level 5 in Conjurations
  4928 | D:6      | Noticed Pikel
  4968 | D:6      | Killed Pikel
  4969 | D:6      | Reached XP level 9. HP: 61/74 MP: 11/11
  4972 | D:6      | Reached skill level 7 in Unarmed Combat
  5098 | D:6      | Noticed Edmund
  5119 | D:6      | Killed Edmund
  5153 | D:6      | Noticed Blork the orc
  5162 | D:6      | Killed Blork the orc
  5774 | D:7      | Reached skill level 8 in Unarmed Combat
  5875 | D:7      | Found a shimmering altar of Xom.
  6293 | D:8      | Reached * piety under Ashenzari
  6308 | D:8      | Reached XP level 10. HP: 81/81 MP: 12/12
  6399 | D:8      | Noticed Prince Ribbit
  6410 | D:8      | Killed Prince Ribbit
  6596 | D:8      | Noticed Harold
  6625 | D:8      | Killed Harold
  6751 | D:8      | Found Huirghene's Weapon Boutique.
  6839 | D:8      | Reached skill level 9 in Unarmed Combat
  7519 | D:9      | Noticed Psyche
  7539 | D:9      | Killed Psyche
  7833 | D:9      | Reached ** piety under Ashenzari
  8132 | D:10     | Entered Level 10 of the Dungeon
  8210 | D:10     | Noticed a gargoyle
  8215 | D:10     | Killed a gargoyle
  8216 | D:10     | Reached skill level 1 in Evocations
  8219 | D:10     | Noticed a black mamba
  8236 | D:10     | Killed a black mamba
  8349 | D:10     | Found a staircase to the Orcish Mines.
  8369 | D:10     | Reached XP level 11. HP: 39/88 MP: 13/13
  8390 | D:10     | HP: 2/88 [orc priest/divine providence (15)]
  8728 | D:10     | Killed an unseen horror
  8807 | D:10     | Found a staircase to the Lair.
  9079 | D:10     | Reached skill level 10 in Unarmed Combat
  9506 | D:11     | Noticed a two-headed ogre
  9611 | D:11     | Noticed a cyan ugly thing
  9619 | D:11     | Killed a cyan ugly thing
  9651 | D:11     | Killed a two-headed ogre
  9847 | D:11     | Got the cursed cloak "Riop" {rElec rCorr}
  9859 | D:11     | Identified the cursed +0 cloak "Riop" {rElec rCorr} (You
                  | found it on level 11 of the Dungeon)
 10222 | D:12     | Noticed Urug
 10233 | D:12     | Killed Urug
 10242 | D:12     | Slain by a manticore

Illustrated notes

Levels and vault maps discovered:
D:1:      ncdulo_halloftheorcs, layout_loops_corners, kennysheep_crisscross
D:2:      layout_basic, minmay_overflow_temple_star_hex
D:3:      layout_loops_ring, old_standard_altar, old_standard_altar,
          uniq_sigmund, uniq_robin
D:4:      layout_basic, uniq_eustachio, uniq_duvessa
D:5:      layout_basic, nicolae_dithmenos_the_darkroom,
          minmay_temple_entry_enclosed_plants
D:6:      layout_basic, serial_shops, shop_coins, uniq_blork_the_orc,
          uniq_pikel, uniq_edmund
D:7:      layout_basic, lemuel_doored_altar, st_stairs_10
D:8:      layout_layer_cave, serial_shops,
          nicolae_shop_competitors_out_of_business, roderic_roman_lattice,
          minmay_statues_item, uniq_harold, uniq_prince_ribbit1
D:9:      layout_cave_pools, minmay_misc_feat_rows, uniq_psyche
D:10:     layout_loops_ring, due_lair_maze_entry_diamond, david_orc_3
D:11:     layout_roguey, serial_rivers, chequers_serial_rivers_room_a,
          chequers_serial_rivers_micro_e, chequers_serial_rivers_marsh,
          chequers_serial_rivers_large_a, chequers_serial_rivers_micro_e,
          chequers_serial_rivers_micro_e
D:12:     layout_irregular_city, enter_trove_2, serial_ice, serial_ice_n,
          serial_ice_b, serial_ice_m, serial_ice_i, serial_ice_e, serial_ice_o,
          portal_ice_cave_entry_pillars_1, nicolae_zen_rock_garden, uniq_urug,
          uniq_snorg
Temple:   dshaligram_water_room_temple

Skill      XL: |  1  2  3  4  5  6  7  8  9 10 11 |
---------------+----------------------------------+-----
Conjurations   | 1 2 3 5 6 7 8 |  8.1
Unarmed Combat | 1 2 3 4 5 6 8 9 10 | 10.4
Dodging        | 2 3 4 6 7 8 9 |  9.0
Evocations     | 1 3 |  3.5
Stealth        | |  1.0
Spellcasting   | |  2.0
Summonings     | |  0.6
Translocations | |  0.6

Action                   |  1- 3 |  4- 6 |  7- 9 | 10-12 || total
-------------------------+-------+-------+-------+-------++-------
Melee: Unarmed           |   123 |   161 |   469 |   440 ||  1193
       Punch             |       |     4 |    16 |    25 ||    45
 Cast: Magic Dart        |       |     9 |    12 |     3 ||    24
       Mephitic Cloud    |       |       |       |     1 ||     1
Invok: Curse Item        |       |       |     1 |       ||     1
Evoke: Wand              |       |       |       |     1 ||     1
  Use: Scroll            |       |     5 |     8 |    11 ||    24
       Potion            |       |       |       |     5 ||     5
 Stab: Sleeping          |     3 |     2 |     3 |     3 ||    11
       Distracted        |       |       |       |     1 ||     1
Armor: Robe              |    59 |    64 |   159 |   140 ||   422
Dodge: Dodged            |    70 |    88 |   279 |   296 ||   733

Table legend: (Time is in decaauts)
 A = Elapsed time spent in this place.
 B = Non-inter-level travel time spent in this place.
 C = Inter-level travel time spent in this place.
 D = Time resting spent in this place.
 E = Time spent auto-exploring this place.
 F = Levels seen in this place.
 G = Mean time per level.
                   A        B        C        D        E       F      G
               +--------+--------+--------+--------+--------+-----+--------+
         Total |  10140 |   9455 |    685 |    712 |   6553 |  13 |  780.0 |
       Dungeon |  10042 |   9364 |    678 |    712 |   6469 |  12 |  836.8 |
        Temple |     97 |     90 |      7 |      0 |     84 |   1 |   97.0 |
               +--------+--------+--------+--------+--------+-----+--------+

Top non-repeatable levels by time:
     D:8: 1326 daAuts
    D:10: 1084 daAuts
     D:3: 1046 daAuts
     D:2: 1004 daAuts
    D:11: 967 daAuts
     D:6: 943 daAuts
     D:1: 936 daAuts
     D:4: 788 daAuts
     D:9: 684 daAuts
     D:7: 642 daAuts
     D:5: 591 daAuts
  Temple: 97 daAuts
    D:12: 28 daAuts
